 Dungeon Crawl Stone Soup version 0.28.0-53-g5a82cb258f (webtiles) character file.

Game seed: 16374908025944125962

35 Sin92 the Magician (level 3, -6/25 HPs)
             Began as a Demonspawn Hedge Wizard on July 11, 2022.
             Mangled by a worm (9 damage)
             ... on level 2 of the Dungeon.
             The game lasted 00:03:36 (2448 turns).

Sin92 the Magician (Demonspawn Hedge Wizard)        Turns: 2448, Time: 00:03:38

Health: -6/25      AC:  3    Str: 10    XL:     3   Next: 16%
Magic:  0/7        EV: 12    Int: 15    God:
Gold:   17         SH:  4    Dex: 14    Spells: 7/8 levels left

rFire   . . .      SeeInvis .   a - +0 dagger
rCold   . . .      Faith    .   (no shield)
rNeg    . . .      Spirit   .   b - +0 robe
rPois   .          Reflect  .   c - +1 hat
rElec   .          Harm     .   g - scarf {+Inv}
rCorr   .          Rampage  .   (no gloves)
Will    .....                   (no boots)
Stlth   ++........              f - amulet of the acrobat
HPRegen 0.08/turn               (no ring)
MPRegen 0.10/turn               (no ring)

@: very slightly contaminated
A: antennae 1, large bone plates 1
a: Evoke Invisibility


You were on level 2 of the Dungeon.
You visited 1 branch of the dungeon, and saw 2 of its levels.

You collected 17 gold pieces.

Inventory:

Hand Weapons
 a - a +0 dagger (weapon)
Armour
 b - a +0 robe (worn)
 c - a +1 hat (worn)
 g - a scarf of invisibility (worn)
 j - a +0 cloak
Jewellery
 f - an amulet of the acrobat (around neck)
Potions
 d - 3 potions of mutation
 i - a potion of heal wounds {unknown}


   Skills:
 + Level 0.8 Fighting
 + Level 0.6 Armour
 + Level 2.0 Dodging
 + Level 2.1 Stealth
 + Level 3.1 Spellcasting
 + Level 1.5 Conjurations
 - Level 1.0 Summonings
 + Level 1.2 Translocations


You had 7 spell levels left.
You knew the following spells:

 Your Spells              Type           Power      Damage    Failure   Level
a - Magic Dart            Conj           28%        1d4       11%         1

Your spell library contained the following spells:

 Spells                   Type           Power      Damage    Failure   Level
 Blink                    Tloc           12%        N/A       19%         2
 Slow                     Hex            8%         N/A       21%         1
 Call Imp                 Summ           5%         N/A       21%         2
 Conjure Flame            Conj/Fire      4%         6-21      41%         3
 Mephitic Cloud           Conj/Pois/Air  3%         N/A       43%         3


Dungeon Overview and Level Annotations

Branches:
Dungeon (2/15)

Altars:

Shops:
D:1 :


Innate Abilities, Weirdness & Mutations

You have a pair of small antennae on your head.
You are partially covered in large bone plates. (SH +4)


Message History

You are too injured to fight recklessly!
You are too injured to fight recklessly!
A worm is nearby!
A worm is nearby!
You hit the worm.
The worm is severely wounded.
You hit the worm.
The worm is severely wounded.
You block the worm's attack.
You hit the worm but do no damage.
The worm is severely wounded.
The worm bites you.
You hit the worm but do no damage.
The worm is heavily wounded.
You hit the worm.
The worm is severely wounded.
The worm bites you but does no damage.
You hit the worm.
The worm is severely wounded.
You hit the worm but do no damage.
The worm is severely wounded.
The worm bites you.
* * * LOW HITPOINT WARNING * * *
You hit the worm but do no damage.
The worm is severely wounded.
The worm bites you.
* * * LOW HITPOINT WARNING * * *
You hit the worm.
The worm is severely wounded.
You hit the worm but do no damage.
The worm is severely wounded.
The worm closely misses you.
You hit the worm.
The worm is severely wounded.
Aiming: Magic Dart (safe; 11% risk of failure)
Press: ? - help, Q - select action, (/) - cycle Shift-Dir - straight line, f/p - worm
Aim: a worm (severely wounded, 100% to hit)
You miscast Magic Dart.
Nothing appears to happen.
The worm bites you!
You die...

### #.+ #.# #.#
#.# #.# #w# #@#
#.##############
#........≈≈8≈≈.#
#######...≈≈≈..#
#.#†....## #
#.......# #
#######.# # #.#
# #.# #


You could see a worm.

Vanquished Creatures
  3 dart slugs
  A ball python (D:1)
  4 endoplasms (D:1)
  4 giant cockroaches (D:1)
  3 goblins (D:1)
  A hobgoblin (D:1)
  A kobold (D:1)
  2 quokkas (D:1)
  2 bats (D:1)
  4 rats (D:1)
25 creatures vanquished.

Notes
Turn   | Place    | Note
-------+----------+-------------------------------------------
     0 | D:1      | Sin92 the Demonspawn Hedge Wizard began the quest for the
                  | Orb.
     0 | D:1      | Reached XP level 1. HP: 13/13 MP: 4/4
     2 | D:1      | Found a faded altar of an unknown god.
    39 | D:1      | Reached skill level 1 in Translocations
   354 | D:1      | Gained mutation: You have a pair of small antennae on your
                  | head. [demonic ancestry]
   354 | D:1      | Reached XP level 2. HP: 1/19 MP: 0/6
  1522 | D:1      | Found Hues's Book Shop.
  2126 | D:1      | Gained mutation: You are partially covered in large bone
                  | plates. (SH +4) [demonic ancestry]
  2126 | D:1      | Reached XP level 3. HP: 16/25 MP: 7/7
  2448 | D:2      | Mangled by a worm

Illustrated notes

Levels and vault maps discovered:
D:1:      dpeg_arrival_tiny_a, layout_loops_cross,
          chequers_ecumenical_altar_simple, serial_shops, shop_fountains
D:2:      cheibrodos_old_hovel, layout_loops_ring, serial_park_tiny_2,
          kennysheep_cross_bottleneck, moated_statue, chequers_jeans,
          roderic_serpentine_path, minivault_26

Skill      XL: |  1  2 |
---------------+-------+-----
Translocations | 1 |  1.2
Stealth        | 2 |  2.1
Dodging        | 2 |  2.0
Fighting       | |  0.8
Armour         | |  0.6
Spellcasting   | |  3.1
Conjurations   | |  1.5
Summonings     | |  1.0

Action                   || total
-------------------------++-------
Melee: Dagger            ||    99
       Punch             ||     2
 Cast: Magic Dart        ||    39
  Use: Scroll            ||     2
 Stab: Sleeping          ||     3
Armor: Robe              ||    28
Dodge: Dodged            ||    76
Block: Other             ||     2
